blargles, lawful male human Samurai ---------- |....<.... |........| #.........| #----.----- -------.----- # |`.........`| # |.....`.....| # ----- # |...-.---...-###########|...| # |...|.{.|...| @-...| ----- # ### ### #|..`|{.{|`..| f|...| |...-#)###(####%############|...|.{.|...| ##+...| |>..| ### --%--- ###|.).-----...| |...| |...| # |[..%. ##-.....`.....| |...| |)...#### |.[..| |`.........`| ----- |^..| # |....| ------------- |...%## |....+ ----- |....| ------ blargles the Ninja Experience level: 7 Strength: 15 Dexterity: 14 Constitution: 18 Intelligence: 10 Wisdom: 10 Charisma: 10 Health: 0(69) Energy: 27(27) AC: 2 Gold: 291 Moves: 1690 Your Inventory: Coins $ - 291 gold pieces Weapons a - an uncursed +0 katana b - an uncursed +3 wakizashi c - an uncursed +0 yumi (alternate weapon; not wielded) d - 38 blessed +0 ya (in quiver) w - an [uncursed +0] shito of fire y - a cursed [-4] spear of frost [and aggravation] (weapon in hand) Armor g - a [blessed] +2 elven mithril-coat [of warning] (being worn) p - a cursed +0 orcish helm (being worn) Comestibles r - 5 [uncursed] gunyoki u - 2 [uncursed] eggs x - an [uncursed] slime mold Scrolls i - a [cursed] scroll labeled FOOBIE BLETCH [of earth] j - an [uncursed] scroll labeled ZELGO MER [of identify] k - an [uncursed] scroll labeled AQUE BRAGH [of enchant armor] n - an [uncursed] scroll labeled ASHPD [of remove curse] s - an [uncursed] scroll labeled VAS CORP BET MANI [of stinking cloud] t - an [uncursed] scroll labeled TEMOV [of teleportation] Potions h - a [cursed] clear potion [of unholy water] l - an [uncursed] dark green potion [of gain ability] v - an [uncursed] amber potion [of full healing] Rings q - an [uncursed] porcelain ring [of see invisible] Tools z - an [uncursed] can of grease [0:21] Spells known in the end: Name Level Category Fail Memory Your skills at the end: Fighting Skills martial arts [Basic / Master] Weapon Skills short sword [Basic / Expert] long sword [Basic / Expert] bow [Basic / Expert] Spellcasting Skills Final Attributes: You were devoutly aligned. Hunger level was 758. Your alignment was 18 / 18. Monster difficulty range was 1 - 6. Level difficulty was 6. You were warned. You aggravated monsters. You were fast. Your luck was zero. You are dead. Vanquished creatures: a giant beetle a leprechaun an iron piercer a gnome king a wood nymph 4 Mordor orcs 2 elf zombies a little dog a kobold shaman 2 centipedes a giant bat a monkey an iguana an acid blob 2 giant rats a brown mold 2 geckos 2 goblins 2 sewer rats 4 grid bugs 2 bats 3 lichens 2 kobold zombies 2 newts 41 creatures vanquished. Voluntary challenges: You were an atheist. You were illiterate. You used a wielded weapon 58 times. You put on armor 4 times. You never genocided any monsters. You never polymorphed an object. You never changed form. You used no wishes. You never wrote Elbereth's name. You never encountered a bones level. You never used any Sokoban shortcuts. Dungeon overview: The Dungeons of Doom: levels 1 to 6 Level 1 a long staircase Level 2 an altar, a fountain Level 3 a general store stairs to The Gnomish Mines Level 6 <- You were here many fountains The Gnomish Mines: Level 4 stairs to The Dungeons of Doom History has recorded: On T:1 you entered the Dungeons of Doom to retrieve the Amulet of Yendor! On T:371 you reached level 2 of The Dungeons of Doom. On T:374 you advanced to experience level 2. On T:566 you advanced to experience level 3. On T:630 you reached level 3 of The Dungeons of Doom. On T:863 you reached level 1 of The Gnomish Mines. On T:884 you reached level 4 of The Dungeons of Doom. On T:1037 you advanced to experience level 4. On T:1144 you reached level 5 of The Dungeons of Doom. On T:1161 you advanced to experience level 5. On T:1335 you reached level 6 of The Dungeons of Doom. On T:1382 you advanced to experience level 6. On T:1653 you advanced to experience level 7. Latest messages: The jaguar misses. The jaguar bites! [HP-14=31] Your magical spear freezes the jaguar! You miss the jaguar. The jaguar hits! (2x) The jaguar bites! [HP-12=19] Your magical spear of frost freezes the jaguar! The jaguar misses. The jaguar hits! The jaguar misses. [HP-3=16] You miss the jaguar. Your magical spear of frost freezes the jaguar! The jaguar hits! The jaguar misses. The jaguar bites! [HP-5=11] You miss the jaguar. The jaguar misses. The jaguar hits! The jaguar bites! The jaguar hits! (2x) You die... Final status: Sayonara blargles the Samurai... You died in The Dungeons of Doom on dungeon level 6 with 2709 points, and 291 pieces of gold, after 1690 moves. You were level 7 with a maximum of 69 hit points when you died.